 Dungeon Sprint DCSS version 0.30.1-11-g7821555f0a (webtiles) character file.

Game seed: 8386468025098168481

158 Heoruswealwe the Spear-Bearer (level 5, -1/52 HPs)
             Began as a Minotaur Fighter on Oct 31, 2023.
             Was an Initiate of Gozag.
             Succumbed to a hornet's poison
             ... in the Dungeon (Sprint IX: "|||||||||||||||||||||||||||||").
             The game lasted 00:00:58 (105 turns).

Heoruswealwe the Spear-Bearer (Minotaur Fighter)     Turns: 105, Time: 00:00:59

Health: -1/52      AC:  7    Str: 23    XL:     5   Next: 16%
Magic:  4/4        EV:  9    Int:  5    God:    Gozag
Gold:   0          SH:  4    Dex:  9    Spells: 4/4 levels left

rFire   . . .        a - +0 trident
rCold   . . .        d - +0 buckler
rNeg    . . .        c - +0 scale mail
rPois   .            (helmet restricted)
rElec   .            (no cloak)
rCorr   .            (no gloves)
SInv    .            (no boots)
Will    .....        (no amulet) Stlth
                     (no ring)
HPRegen 0.28/turn    (no ring)
MPRegen 0.09/turn

%: no teleportation
@: lethally poisoned (-1 -> -7), slowed, very slow
A: horns 2, retaliatory headbutt
a: Renounce Religion, Potion Petition, Call Merchant, Bribe Branch


You were in the Dungeon.
You worshipped Gozag.
Gozag was noncommittal.
You visited 1 branch

Inventory:

Hand Weapons
 a - a +0 trident (weapon)
Armour
 c - a +0 scale mail (worn)
 d - a +0 buckler (worn)
Jewellery
 k - a +3 ring of intelligence
 l - a +2 ring of evasion
Wands
 h - a wand of light (10)
Scrolls
 j - 2 scrolls of blinking
Potions
 b - a potion of might
 e - 5 potions of curing
 f - 3 potions of heal wounds
 g - a potion of haste
 i - a potion of berserk rage


   Skills:
 + Level 7.2 Fighting
 * Level 9.2 Polearms
 + Level 7.2 Armour
 - Level 3.6 Shields


You had 4 spell levels left.
You didn't know any spells.
Your spell library was empty.

Dungeon Overview and Level Annotations

Branches:
Dungeon (1/1)

Altars:
Cheibriados
Dithmenos
Elyvilon
Fedhas
Gozag
Hepliaklqana
Kikubaaqudgha
Makhleb
Nemelex Xobeh
Okawaru
Qazlal
Ru
Sif Muna
Trog
Uskayaw
Vehumet
Wu Jian
Xom
Yredelemnul
Zin
The Shining One
Jiyva
Lugonu


Innate Abilities, Weirdness & Mutations

You have a pair of horns on your head.
You reflexively headbutt those who attack you in melee.


Message History

The yak snorts and paws the ground.
The hornet stings you.
You feel yourself slow down.
You puncture the hornet!
The hornet is moderately wounded.
The hornet barely misses you. x2
You barely miss the hornet.
The hornet is moderately wounded.
The hornet stings you!
You feel as though you will be slow longer.
You barely miss the hornet.
The hornet is moderately wounded.
The hornet stings you but does no damage.
The hornet stings you!
You feel as though you will be slow longer.
The hornet completely misses you.
You hit the hornet but do no damage. Your headbutt misses the hornet.
The hornet is moderately wounded.
The hornet stings you but does no damage.
You block the hornet's attack.
You puncture the hornet!
The hornet is severely wounded.
The hornet stings you!
* * * LOW HITPOINT WARNING * * *
You feel as though you will be slow longer.
The hornet barely misses you.
You puncture the hornet!
The hornet is almost dead.
The hornet barely misses you. The hornet stings you!
* * * LOW HITPOINT WARNING * * *
You are lethally poisoned!
You feel as though you will be slow longer.
You barely miss the hornet. Your headbutt misses the hornet.
The hornet is almost dead.
* * * LOW HITPOINT WARNING * * *
You feel very sick. The hornet closely misses you. x2
You hit the hornet but do no damage. Your headbutt misses the hornet.
The hornet is almost dead.
You die...
Your body crumbles into a pile of gold.

$
▓.▓
$
▓Y▓
$ $
▓o▓
$
▓y▓
$ $
▓y▓
▓O▓
$
▓y▓
▓@▓
$
▓.▓
▓[▓
$
▓[▓
▓[▓
$
▓.▓
$
▓)▓
$
▓?▓
$
▓!▓


You could see a two-headed ogre, a yak, a hornet, an orc warrior, a vampire
mosquito and a killer bee.

Vanquished Creatures
  An ogre (D)
  A hound (D)
  An iguana (D)
  An adder (D)
  A shadow imp (D)
  A ball python (D)
  2 endoplasms (D)
  2 bats (D)
10 creatures vanquished.

Notes
Turn   | Place    | Note
-------+----------+-------------------------------------------
     0 | D        | Heoruswealwe the Minotaur Fighter began the quest for the
                  | Orb.
     0 | D        | Reached XP level 1. HP: 19/19 MP: 0/0
     7 | D        | Reached skill level 3 in Polearms
    21 | D        | Noticed an iguana
    21 | D        | Noticed an ogre
    21 | D        | Noticed a hound
    31 | D        | Killed a hound
    32 | D        | Reached skill level 5 in Fighting
    32 | D        | Reached skill level 5 in Polearms
    32 | D        | Reached skill level 5 in Armour
    32 | D        | Reached XP level 2. HP: 24/29 MP: 1/1
    32 | D        | Reached XP level 3. HP: 30/36 MP: 2/2
    36 | D        | Killed an ogre
    37 | D        | Reached skill level 8 in Polearms
    37 | D        | Reached XP level 4. HP: 29/45 MP: 3/3
    48 | D        | Reached skill level 9 in Polearms
    48 | D        | Reached XP level 5. HP: 33/52 MP: 4/4
    54 | D        | Found a snail-covered altar of Cheibriados.
    54 | D        | Found a shadowy altar of Dithmenos.
    54 | D        | Found a white marble altar of Elyvilon.
    54 | D        | Found a blossoming altar of Fedhas.
    54 | D        | Found an opulent altar of Gozag.
    55 | D        | Found a hazy altar of Hepliaklqana.
    56 | D        | Found a viscous altar of Jiyva.
    57 | D        | Found an ancient bone altar of Kikubaaqudgha.
    58 | D        | Found a corrupted altar of Lugonu.
    59 | D        | Found a burning altar of Makhleb.
    60 | D        | Found a sparkling altar of Nemelex Xobeh.
    61 | D        | Found an iron altar of Okawaru.
    62 | D        | Became a worshipper of Gozag Ym Sagoz the Greedy
    63 | D        | Found a stormy altar of Qazlal.
    64 | D        | Found a sacrificial altar of Ru.
    65 | D        | Found a shimmering blue altar of Sif Muna.
    66 | D        | Found a bloodstained altar of Trog.
    67 | D        | Found a hide-covered altar of Uskayaw.
    68 | D        | Found a radiant altar of Vehumet.
    69 | D        | Found an ornate altar of the Wu Jian Council.
    70 | D        | Found a shimmering altar of Xom.
    71 | D        | Found a basalt altar of Yredelemnul.
    72 | D        | Found a glowing silver altar of Zin.
    73 | D        | Found a glowing golden altar of the Shining One.
    97 | D        | Noticed a yak
    97 | D        | Noticed an orc warrior
    97 | D        | Noticed a vampire mosquito
    97 | D        | Noticed a two-headed ogre
    97 | D        | Noticed a hornet
   104 | D        | HP: 1/52 [poisoned by a hornet]
   105 | D        | Succumbed to a hornet's poison

Illustrated notes

Levels and vault maps discovered:
D:        linesprint [early_d, line_temple, items_1, d_10, items_2, lair_1,
          lair_end, items_3, orc_1, orc_end, items_4, d_15, swamp_1, shoals_1,
          snake_1, spider_1, d_20, vaults_1, items_5, swamp_end, shoals_end,
          snake_end, spider_end, vaults_end, d_27, items_6, zot_1, zot_end,
          crypt_end, forest_end, elf_end, slime_end, tomb_end, abyss_end,
          pan_hell_end]

Skill      XL: |  1  2  3  4 |
---------------+-------------+-----
Polearms       | 5 8 9 |  9.2
Fighting       | 5 6 7 |  7.2
Armour         | 5 6 7 |  7.2
Shields        | |  3.6

Action                     |  1- 3 |  4- 6 || total
---------------------------+-------+-------++-------
  Melee: Trident           |    25 |    19 ||    44
         Headbutt          |     1 |     1 ||     2
 Armour: Scale mail        |    12 |     4 ||    16
  Dodge: Dodged            |    11 |     7 ||    18
  Block: Buckler           |     5 |     4 ||     9
